[Event "Titled Tuesday Blitz September 27 Early 2022"]
[White "Gabdrakhmanov, Azat"]
[Black "Deuer, Marius"]
[WhiteFideId "34189197"]
[BlackFideId "16236432"]
[WhiteElo "2233"]
[BlackElo "2059"]
[Result "1-0"]
[Round "03"]
[TimeControl "180+1"]
[Date "2022.09.27"]
[WhiteClock "0:01:18"]
[BlackClock "0:01:51"]

1. e4 c5 2. Nf3 e6 3. d4 cxd4 4. Nxd4 Nc6 5. Nc3 Qb6 6. Nb3 Nf6 7. Be3 Qc7 8. f3 a6 9. Qd2 b5 10. g4 Ne5 11. Qf2 Bb4 12. g5 Bxc3+ 13. bxc3 Qxc3+ 14. Kd1 Nh5 15. Be2 Bb7 16. Bd4 Qc7 17. f4 Nxf4 18. Qxf4 Nd3 19. Qxc7 1-0


[Site "https://www.chess.com"]

[Event "Titled Tuesday Blitz September 27 Early 2022"]
[White "Gajwa Ankit"]
[Black "Kodinets, Konstantin L."]
[WhiteFideId "5077834"]
[BlackFideId "4122011"]
[WhiteElo "2036"]
[BlackElo "2447"]
[Result "1/2-1/2"]
[Round "03"]
[TimeControl "180+1"]
[Date "2022.09.27"]
[WhiteClock "0:00:12"]
[BlackClock "0:00:03"]

1. e4 e5 2. Nf3 d6 3. d4 exd4 4. Nxd4 Nf6 5. Nc3 Be7 6. Bc4 O-O 7. O-O Nc6 8. Bb3 Na5 9. Bg5 h6 10. Bh4 a6 11. Re1 g5 12. Bg3 c5 13. Nf3 c4 14. Ba4 b5 15. b4 Nc6 16. Nxb5 axb5 17. Bxb5 Nxb4 18. Bxc4 Be6 19. Bxe6 fxe6 20. c3 Na6 21. Nd4 Qc8 22. h4 Nc5 23. hxg5 hxg5 24. e5 dxe5 25. Rxe5 Kf7 26. Rxg5 Nce4 27. Re5 Nxg3 28. fxg3 Qxc3 29. Rc1 Qxg3 30. Rxe6 Rfe8 31. Qb3 Qxb3 32. axb3 Rad8 33. Rc4 Rd6 34. Rxd6 Bxd6 35. Nb5 Bg3 36. Rc1 Rb8 37. Nd4 Be5 38. Nc6 Rb5 39. Nxe5+ Rxe5 40. Rc4 Rb5 41. b4 Ke6 42. Kf2 Nd5 43. Rh4 Nxb4 44. Rh6+ Kf7 45. Rh7+ Kg6 46. Rc7 Nd3+ 47. Ke3 Ne5 48. g3 Rb4 49. Re7 Ng4+ 50. Kf3 Nf6 51. Rc7 Rb3+ 52. Kg2 Kf5 53. Rc4 Ke5 54. Rf4 Nd5 55. Rh4 Ne3+ 56. Kh3 Nf5 57. Rg4 Ne3 58. Rg8 Rb1 59. Kh4 Nf5+ 60. Kh3 Rg1 61. Kh2 Rxg3 62. Rxg3 Nxg3 1/2-1/2


[Site "https://www.chess.com"]

[Event "Titled Tuesday Blitz September 27 Early 2022"]
[White "Gan-Od, Sereenen"]
[Black "Bilan, Danila"]
[WhiteFideId "4901304"]
[BlackFideId "24161918"]
[WhiteElo "2316"]
[BlackElo "2164"]
[Result "1/2-1/2"]
[Round "03"]
[TimeControl "180+1"]
[Date "2022.09.27"]
[WhiteClock "0:00:11"]
[BlackClock "0:00:05"]

1. c4 c6 2. Nf3 d5 3. g3 Nf6 4. Bg2 Bf5 5. O-O e6 6. b3 Nbd7 7. Bb2 Bc5 8. d3 h6 9. Nbd2 O-O 10. Qc2 Qe7 11. h3 Bh7 12. Kh2 a5 13. a3 e5 14. e4 dxe4 15. dxe4 Rfe8 16. Nh4 Rad8 17. Nf5 Bxf5 18. exf5 Bd4 19. Rae1 Qd6 20. Bc1 Bc5 21. Ne4 Nxe4 22. Bxe4 Bxa3 23. Rd1 Qf8 24. Be3 Nf6 25. Bg2 Bc5 26. Bd2 Bb4 27. Be3 Rxd1 28. Rxd1 Bc5 29. Bd2 Bxf2 30. Bxa5 Bd4 31. Bd2 Ra8 32. b4 Qc8 33. c5 Ra3 34. Be1 Qa8 35. Qc4 Ra2 36. b5 Nd5 37. Bd2 Qa3 38. bxc6 bxc6 39. Bxd5 cxd5 40. Qxd5 Qa5 41. Qg2 Qxc5 42. h4 Qc2 43. Qe2 Bc3 44. Kh3 Bxd2 45. Rf1 Bc3 46. Qxc2 Rxc2 47. f6 gxf6 48. Rxf6 Bd4 49. Rd6 Kg7 50. Kg4 Rf2 51. h5 Rf6 52. Rd7 Re6 53. Kf3 Bb2 54. Ke4 Bc1 55. g4 Bg5 56. Rb7 Bf6 57. Kf5 Ra6 58. Rb4 Ra3 59. g5 hxg5 60. h6+ Kxh6 61. Kxf6 Rf3+ 62. Kxe5 f5 63. Rb8 g4 64. Kf6 Kh7 65. Rb7+ Kh6 66. Rb8 Kh7 67. Rb7+ Kg8 68. Rb8+ Kh7 1/2-1/2


[Site "https://www.chess.com"]

[Event "Titled Tuesday Blitz September 27 Early 2022"]
[White "Gevorgyan, David Sh."]
[Black "Csonka, Balazs"]
[WhiteFideId "13303244"]
[BlackFideId "742910"]
[WhiteElo "2235"]
[BlackElo "2404"]
[Result "0-1"]
[Round "03"]
[TimeControl "180+1"]
[Date "2022.09.27"]
[WhiteClock "0:00:02"]
[BlackClock "0:00:09"]

1. d4 d5 2. c4 c6 3. Nf3 Nf6 4. Qb3 dxc4 5. Qxc4 Bg4 6. Bf4 Nbd7 7. e3 e6 8. Be2 Be7 9. h3 Bh5 10. O-O O-O 11. Nbd2 Rc8 12. Qb3 Nb6 13. Rfd1 Qd5 14. g4 Bg6 15. Ne5 Nfd7 16. a4 Qxb3 17. Nxb3 Bc2 18. Na5 Bxd1 19. Bxd1 c5 20. Nxb7 cxd4 21. a5 Nxe5 22. axb6 Nc6 23. bxa7 Ra8 24. Bf3 Rxa7 25. Rxa7 Nxa7 26. exd4 Bf6 27. b4 Bxd4 28. Bd6 Rc8 29. Be4 Nb5 30. Bf4 e5 31. Bg5 f6 32. Bd2 Rc7 33. Kf1 g6 34. Ke2 Kg7 35. Kd3 Nc3 36. Bg2 Na2 37. b5 Nc1+ 38. Bxc1 Rxc1 39. Nd6 Bxf2 40. Bc6 Rd1+ 41. Ke4 Rxd6 42. Kf3 Bb6 43. h4 f5 44. gxf5 gxf5 45. h5 Kf6 46. h6 Kg5 47. Kg3 e4 48. Kg2 Rd2+ 49. Kh3 Bc7 50. Bxe4 Rh2# 0-1


[Site "https://www.chess.com"]

[Event "Titled Tuesday Blitz September 27 Early 2022"]
[White "Girel, Joseph"]
[Black "Sztokbant, Bernardo Vainzoff"]
[WhiteFideId "36033561"]
[BlackFideId "2115956"]
[WhiteElo "2104"]
[BlackElo "2172"]
[Result "1-0"]
[Round "03"]
[TimeControl "180+1"]
[Date "2022.09.27"]
[WhiteClock "0:00:44"]
[BlackClock "0:00:02"]

1. d4 Nf6 2. c4 e6 3. Nc3 d5 4. Nf3 Be7 5. Bf4 O-O 6. e3 c5 7. dxc5 Bxc5 8. Qc2 Nc6 9. a3 Qa5 10. Rd1 Ne4 11. cxd5 Nxc3 12. bxc3 exd5 13. Bd3 h6 14. O-O Be6 15. Nd4 Bxd4 16. cxd4 Qxa3 17. Ra1 Qe7 18. Rfb1 Nb4 19. Qb3 Nxd3 20. Qxd3 Rfc8 21. Qb5 a6 22. Qb3 b5 23. h3 Rc6 24. Ra5 Rac8 25. Kh2 Bf5 26. Rba1 Qe6 27. Qa3 Rc2 28. Rxa6 Qe4 29. Bg3 R8c3 30. Qd6 Rxe3 31. Ra8+ Kh7 32. R1a7 Re1 33. Rxf7 Bxh3 34. Rh8+ Kxh8 35. Qf8+ Kh7 36. Qxg7# 1-0


[Site "https://www.chess.com"]

[Event "Titled Tuesday Blitz September 27 Early 2022"]
[White "Goncalves, Davi Sulzbacher"]
[Black "Fernandez Hernandez, Gerardo"]
[WhiteFideId "2154510"]
[BlackFideId "2207400"]
[WhiteElo "2107"]
[BlackElo "2178"]
[Result "1-0"]
[Round "03"]
[TimeControl "180+1"]
[Date "2022.09.27"]
[WhiteClock "0:00:42"]
[BlackClock "0:00:02"]

1. e4 e6 2. d4 d5 3. e5 c5 4. c3 Nc6 5. Nf3 Qb6 6. a3 f6 7. exf6 Nxf6 8. Be2 Bd6 9. dxc5 Bxc5 10. O-O Ne4 11. Qe1 O-O 12. b4 Bxf2+ 13. Rxf2 e5 14. Bc4 Be6 15. Be3 Qc7 16. Bb3 Nxf2 17. Bxf2 Rae8 18. Ng5 Qd7 19. Nxe6 Qxe6 20. Nd2 Kh8 21. Nf3 Qg4 22. h3 Qe6 23. Bc5 Rxf3 24. gxf3 Qxh3 25. Bxd5 e4 26. Bxe4 Re6 27. Qf1 Qg3+ 28. Qg2 Qf4 29. Qh3 1-0


[Site "https://www.chess.com"]

[Event "Titled Tuesday Blitz September 27 Early 2022"]
[White "Gorshtein, Ido"]
[Black "Kukula, Pawel"]
[WhiteFideId "2815532"]
[BlackFideId "1115081"]
[WhiteElo "2411"]
[BlackElo "2062"]
[Result "1-0"]
[Round "03"]
[TimeControl "180+1"]
[Date "2022.09.27"]
[WhiteClock "0:00:17"]
[BlackClock "0:00:03"]

1. Nf3 g6 2. g3 Bg7 3. Bg2 d6 4. O-O Nf6 5. d4 O-O 6. c4 Nc6 7. Nc3 Bf5 8. Ne1 Re8 9. e4 Bd7 10. d5 Na5 11. Qd3 c5 12. b3 a6 13. Bb2 Rb8 14. Rd1 b5 15. Ba1 bxc4 16. bxc4 Ng4 17. f4 Bd4+ 18. Kh1 Ne3 19. Nf3 Nxd1 20. Rxd1 Bg7 21. e5 Bf5 22. Ne4 Bxe4 23. Qxe4 Qc8 24. Bc3 f5 25. Qd3 Nb7 26. Ng5 Nd8 27. h4 Qc7 28. Re1 Rf8 29. h5 gxh5 30. Bf3 h4 31. gxh4 h6 32. Nh3 Kh8 33. Rg1 Rf7 34. Bh5 Rf8 35. Rxg7 Qb7 36. exd6 Qb1+ 37. Rg1+ 1-0


[Site "https://www.chess.com"]

[Event "Titled Tuesday Blitz September 27 Early 2022"]
[White "Grandelius, Nils"]
[Black "Harshad S"]
[WhiteFideId "1710400"]
[BlackFideId "46616551"]
[WhiteElo "2617"]
[BlackElo "2046"]
[Result "1-0"]
[Round "03"]
[TimeControl "180+1"]
[Date "2022.09.27"]
[WhiteClock "0:00:05"]
[BlackClock "0:00:02"]

1. c4 e5 2. d3 Nf6 3. Nf3 Nc6 4. a3 a5 5. Nc3 Bc5 6. Bg5 h6 7. Bh4 g5 8. Bg3 d6 9. e3 Qe7 10. Be2 e4 11. dxe4 Nxe4 12. Nd5 Qd8 13. Qc2 Nxg3 14. hxg3 Be6 15. Qc3 Kd7 16. O-O-O Kc8 17. Nxg5 Bxd5 18. Rxd5 Ne5 19. Rxe5 hxg5 20. Rxh8 Qxh8 21. Rxg5 Qxc3+ 22. bxc3 Bxa3+ 23. Kc2 Kd7 24. Bf3 c6 25. Rg7 Ke7 26. Bh5 Rf8 27. Rg5 Bc5 28. Kb3 Ra8 29. Rf5 a4+ 30. Ka2 f6 31. g4 b5 32. cxb5 cxb5 33. g5 fxg5 34. Rxg5 Rf8 35. Rg7+ Kf6 36. Rb7 Kg5 37. Bf3 a3 38. Rxb5 Rh8 39. Rb1 Kf6 40. Bd5 Rh2 41. Re1 Ke5 42. Rd1 Rh8 43. f4+ Kf6 44. e4 Rh2 45. Kb3 Ke7 46. e5 dxe5 47. fxe5 Rh5 48. Re1 Bf2 49. Re2 Bc5 50. Bc4 Rh8 51. g4 Rb8+ 52. Ka2 Rh8 53. g5 Rh5 54. Rg2 Kf8 55. e6 Kg7 56. g6 Rh3 57. Re2 Rxc3 58. e7 Bxe7 59. Rxe7+ Kxg6 60. Rc7 Kf6 61. Rf7+ Ke5 62. Bb3 Kd6 63. Kxa3 Rc7 64. Rf5 Ke7 65. Kb4 Rb7+ 66. Kc3 Rc7+ 67. Bc4 Kd6 68. Kd4 Ke7 69. Rf7+ Kd8 70. Rf6 Ke7 71. Rh6 Rd7+ 72. Bd5 Rc7 73. Ke5 Kd8 74. Bc6 Rg7 75. Bd5 Ke7 76. Re6+ Kd7 77. Ra6 Rg5+ 78. Kd4 Rg4+ 79. Be4 Rg5 80. Ke3 Ke7 81. Kf4 Rc5 82. Bf5 Rc7 83. Re6+ Kf7 84. Kg5 Ra7 85. Rh6 Kg8 86. Kf6 Rf7+ 87. Kg5 Rg7+ 88. Kf6 Rf7+ 89. Ke5 Kg7 90. Rg6+ Kf8 91. Ra6 Re7+ 92. Be6 Kg7 93. Ra3 Rc7 94. Rg3+ Kf8 95. Kd6 Rg7 96. Rc3 Ke8 97. Rc8# 1-0


[Site "https://www.chess.com"]

[Event "Titled Tuesday Blitz September 27 Early 2022"]
[White "Gulevich, Artem"]
[Black "Erenberg, Ariel"]
[WhiteFideId "24119580"]
[BlackFideId "2811634"]
[WhiteElo "2218"]
[BlackElo "2243"]
[Result "0-1"]
[Round "03"]
[TimeControl "180+1"]
[Date "2022.09.27"]
[WhiteClock "0:00:01"]
[BlackClock "0:01:08"]

1. Nf3 c6 2. b3 d5 3. Bb2 Nf6 4. e3 g6 5. Be2 Bg7 6. O-O O-O 7. d4 Nbd7 8. Nbd2 Re8 9. c4 a5 10. a3 a4 11. b4 b6 12. cxd5 cxd5 13. Rc1 Bb7 14. Nb1 Ne4 15. Nfd2 Nd6 16. Nc3 e5 17. dxe5 Nxe5 18. Nxa4 Bc6 19. Nc3 Qh4 20. Nf3 Nxf3+ 21. Bxf3 Nc4 22. Qc2 Nxb2 23. Qxb2 Be5 24. g3 Qf6 25. Bg2 Bb5 26. Rfd1 Rac8 27. Nxd5 Bxb2 28. Nxf6+ Bxf6 29. Rxc8 Rxc8 30. Bb7 Rc7 31. Be4 Be7 32. h4 Rc3 33. Ra1 Ba4 34. Kg2 b5 35. Bf3 Kg7 36. Be2 h5 37. Bf1 Bf6 38. Ra2 Rb3 39. Rd2 Rxa3 40. Rd5 Rb3 41. Bxb5 Rxb4 42. Bxa4 Rxa4 43. Rc5 Ra6 44. Rc2 Re6 45. Kf3 Be7 46. Kg2 Kf6 47. Kf3 Bb4 48. Kg2 Rd6 49. Kf3 Rd2 50. Rxd2 Bxd2 51. Kf4 Be1 52. f3 Bf2 53. e4 Be1 54. e5+ Ke6 0-1


[Site "https://www.chess.com"]

[Event "Titled Tuesday Blitz September 27 Early 2022"]
[White "Guz, Ari"]
[Black "Sargissyan, Sargis"]
[WhiteFideId "2825759"]
[BlackFideId "13303210"]
[WhiteElo "1913"]
[BlackElo "2102"]
[Result "1-0"]
[Round "03"]
[TimeControl "180+1"]
[Date "2022.09.27"]
[WhiteClock "0:00:20"]
[BlackClock "0:00:05"]

1. Nf3 Nf6 2. b3 d5 3. Bb2 Bf5 4. e3 h6 5. d3 e6 6. Nbd2 Nbd7 7. g3 Be7 8. Bg2 O-O 9. O-O Bh7 10. Qe2 a5 11. a3 c6 12. e4 b5 13. Nd4 Qb6 14. Kh1 Bc5 15. N4f3 dxe4 16. Nxe4 Nxe4 17. dxe4 Rfd8 18. Rad1 Nf6 19. Ne5 Rxd1 20. Qxd1 Rd8 21. Qe2 Nd7 22. Nd3 Bd4 23. Bc1 Ne5 24. Nf4 Bc3 25. Rd1 Rxd1+ 26. Qxd1 Qd4 27. Qe2 Bb2 28. Be3 Qc3 29. Qd1 g5 30. Nh5 Bg6 31. h3 1-0


[Site "https://www.chess.com"]

[Event "Titled Tuesday Blitz September 27 Early 2022"]
[White "Halkias, Stelios"]
[Black "Gracia Alvarez, Gerardo Antonio"]
[WhiteFideId "4201809"]
[BlackFideId "5109124"]
[WhiteElo "2453"]
[BlackElo "2139"]
[Result "1-0"]
[Round "03"]
[TimeControl "180+1"]
[Date "2022.09.27"]
[WhiteClock "0:01:49"]
[BlackClock "0:00:37"]

1. Nf3 Nf6 2. d4 g6 3. c4 c5 4. d5 b5 5. cxb5 a6 6. b6 d6 7. Nc3 Nbd7 8. a4 Nxb6 9. a5 Nbd7 10. e4 Bg7 11. Be2 O-O 12. O-O Rb8 13. Nd2 Ne8 14. Nc4 Nc7 15. Kh1 Nb5 16. Bd2 Qc7 17. f4 e6 18. dxe6 fxe6 19. Be1 Nd4 20. Bg3 Rd8 21. f5 Ne5 22. f6 Bh6 23. Nxe5 dxe5 24. f7+ Kf8 25. Bc4 Rxb2 26. Qg4 Rc2 27. Qh4 1-0


[Site "https://www.chess.com"]

[Event "Titled Tuesday Blitz September 27 Early 2022"]
[White "Hansen, Eric"]
[Black "Sai Han Thiha"]
[WhiteFideId "2606771"]
[BlackFideId "13012290"]
[WhiteElo "2568"]
[BlackElo "1791"]
[Result "1-0"]
[Round "03"]
[TimeControl "180+1"]
[Date "2022.09.27"]
[WhiteClock "0:00:22"]
[BlackClock "0:00:05"]

1. d4 Nf6 2. c4 e6 3. Nc3 Bb4 4. e3 b6 5. Ne2 Ba6 6. a3 Bxc3+ 7. Nxc3 d5 8. cxd5 Bxf1 9. Kxf1 exd5 10. g4 h6 11. h4 c6 12. Kg2 Qd6 13. f3 Nbd7 14. Qd3 O-O 15. Ne2 c5 16. Ng3 Nh7 17. Nf5 Qe6 18. dxc5 Nxc5 19. Qc3 Qf6 20. Qxf6 Nxf6 21. b4 Nb3 22. Rb1 Nxc1 23. Rhxc1 Rfd8 24. Rc7 Rd7 25. Rbc1 Rad8 26. h5 Kh7 27. R1c6 Kg8 28. Kf2 Kh7 29. a4 Kg8 30. Rxd7 Rxd7 31. Nxh6+ gxh6 32. Rxf6 Rc7 33. Rxh6 Rc4 34. Rd6 Rxb4 35. Rxd5 Rxa4 36. e4 Ra3 37. g5 Rb3 38. Rd8+ Kg7 39. Rd7 Kg8 40. Rxa7 b5 41. e5 Kf8 42. e6 fxe6 43. h6 Rb2+ 44. Kg3 Rb1 45. Ra8+ Kf7 46. h7 Rh1 47. h8=Q Rxh8 48. Rxh8 Kg6 49. Kg4 1-0


[Site "https://www.chess.com"]

[Event "Titled Tuesday Blitz September 27 Early 2022"]
[White "Hardaway, Brewington"]
[Black "Bacrot, Etienne"]
[WhiteFideId "30941849"]
[BlackFideId "605506"]
[WhiteElo "1813"]
[BlackElo "2666"]
[Result "0-1"]
[Round "03"]
[TimeControl "180+1"]
[Date "2022.09.27"]
[WhiteClock "0:00:13"]
[BlackClock "0:00:08"]

1. d4 d5 2. c4 c6 3. Nc3 Nf6 4. Nf3 dxc4 5. a4 Bf5 6. e3 e6 7. Bxc4 Bb4 8. O-O O-O 9. Nh4 Nbd7 10. Nxf5 exf5 11. Bd3 g6 12. Qb3 a5 13. Na2 Bd6 14. h3 Ra7 15. Bd2 Qe7 16. Rac1 h5 17. Nc3 h4 18. Rfe1 Bb8 19. e4 fxe4 20. Nxe4 Nxe4 21. Rxe4 Qd6 22. Bf4 Qf6 23. Bxb8 Rxb8 24. Rg4 Nf8 25. Qb6 Raa8 26. Re1 Ne6 27. d5 Nf4 28. Bc4 Re8 29. Re3 Rad8 30. dxc6 bxc6 31. Qb3 Rxe3 32. Qxe3 Rd4 33. b3 c5 34. Qe8+ Kg7 35. Qe3 Qd6 36. Rxh4 Rd1+ 37. Bf1 g5 38. Rg4 f6 39. h4 Qd4 40. Qxd4 cxd4 41. g3 Ne2+ 42. Kg2 d3 43. hxg5 Nc3 44. gxf6+ Kxf6 45. Rd4 d2 46. Bc4 Nb1 47. Be2 Re1 48. Bf3 Ke5 49. Rd5+ Ke6 50. Rxa5 Nc3 51. Rc5 Ne2 52. Rc6+ Kd7 53. Rc4 d1=Q 54. Kh3 Rh1+ 55. Kg4 Ke7 56. Re4+ Kf6 57. Bxe2 Qd7+ 58. Kf3 Qf5+ 59. Rf4 Rh2 60. Rxf5+ Kxf5 61. Bd3+ Ke5 62. Ke3 Rh1 63. Be4 Rc1 64. f4+ Kd6 65. Kd4 Rg1 66. Bd3 Rxg3 67. b4 Rf3 68. Ke4 Rf2 69. a5 Ra2 70. a6 Ra4 71. Kf5 Rxb4 72. Kg6 Rxf4 73. Kg5 Ra4 74. Kf5 Ra5+ 75. Ke4 Ra4+ 76. Ke3 Kc5 77. Be2 Ra3+ 78. Kd2 Kd4 79. Bb5 Ra5 80. Bd3 Ra2+ 81. Bc2 Rxa6 82. Bd1 Ra2+ 83. Kc1 Kc3 84. Kb1 Rb2+ 85. Kc1 Rf2 0-1


[Site "https://www.chess.com"]

[Event "Titled Tuesday Blitz September 27 Early 2022"]
[White "Harish, Neeraj"]
[Black "Nguyen, Thien Ngan"]
[WhiteFideId "30958130"]
[BlackFideId "12414816"]
[WhiteElo "1574"]
[BlackElo "1873"]
[Result "1-0"]
[Round "03"]
[TimeControl "180+1"]
[Date "2022.09.27"]
[WhiteClock "0:00:02"]
[BlackClock "0:00:01"]

1. e4 e5 2. Nf3 Nc6 3. Bc4 Bc5 4. O-O Nf6 5. d3 O-O 6. h3 h6 7. Re1 Re8 8. Nbd2 a6 9. a4 Ba7 10. a5 d5 11. exd5 Nxd5 12. Ne4 f5 13. Ng3 Kh8 14. c3 Qd6 15. d4 e4 16. Nh4 e3 17. Nhxf5 Bxf5 18. Nxf5 exf2+ 19. Kxf2 Rf8 20. Qg4 g6 21. Bxh6 Rxf5+ 22. Kg1 Kh7 23. Bd2 Nf6 24. Qh4+ Rh5 25. Qf2 Nxd4 26. Be3 Nc6 27. Bxa7 Nxa7 28. Re6 Qc5 29. Rxf6 Qxc4 30. Rf7+ Kh6 31. Qe3+ g5 32. Rf6+ Kh7 33. Qe7+ Kh8 34. Raf1 Rg8 35. Rf7 Rh6 36. Rf8 Qc5+ 37. Qxc5 Rxf8 38. Qxg5 1-0


[Site "https://www.chess.com"]

[Event "Titled Tuesday Blitz September 27 Early 2022"]
[White "Harsha Bharathakoti"]
[Black "Diaz Perez, Michel Alejandro"]
[WhiteFideId "5078776"]
[BlackFideId "3517179"]
[WhiteElo "2523"]
[BlackElo "2313"]
[Result "1-0"]
[Round "03"]
[TimeControl "180+1"]
[Date "2022.09.27"]
[WhiteClock "0:01:15"]
[BlackClock "0:01:03"]

1. Nf3 Nf6 2. c4 e6 3. Nc3 d5 4. e3 Nbd7 5. b3 b6 6. Bb2 Bb7 7. d4 Be7 8. cxd5 exd5 9. Bd3 O-O 10. O-O a6 11. Ne5 Bd6 12. f4 c5 13. Qf3 Re8 14. Qh3 Nf8 15. g4 Ne4 16. Nxe4 dxe4 17. Bc4 Bxe5 18. dxe5 b5 19. Rfd1 Qb6 20. Be2 Rad8 21. f5 Rxd1+ 22. Rxd1 Rd8 23. Qf1 Qc7 24. Rxd8 Qxd8 25. Qc1 Qd5 26. Qc3 Bc8 27. e6 f6 28. e7 1-0


[Site "https://www.chess.com"]

[Event "Titled Tuesday Blitz September 27 Early 2022"]
[White "Heinemann, Josefine"]
[Black "Jiganchine, Roman"]
[WhiteFideId "12900460"]
[BlackFideId "2603667"]
[WhiteElo "2300"]
[BlackElo "2270"]
[Result "1-0"]
[Round "03"]
[TimeControl "180+1"]
[Date "2022.09.27"]
[WhiteClock "0:00:17"]
[BlackClock "0:00:20"]

1. e4 c6 2. d4 d5 3. Nd2 dxe4 4. Nxe4 Nf6 5. Nxf6+ exf6 6. Be3 Bd6 7. Bd3 Na6 8. Bxa6 Qa5+ 9. Qd2 Qxa6 10. Ne2 Bf5 11. O-O O-O 12. Ng3 Bg6 13. b3 Rfe8 14. c4 Rad8 15. Bf4 Bc5 16. Rfe1 Rxe1+ 17. Rxe1 h5 18. d5 Qa3 19. Bc7 Bb4 20. Qe2 Rc8 21. d6 Bxd6 22. Bxd6 Qxd6 23. Nxh5 Bxh5 24. Qxh5 Rd8 25. g3 Qd2 26. Re7 g6 27. Qf3 b6 28. Qxf6 Rf8 29. Rxa7 Qd1+ 30. Kg2 c5 31. h4 Qd3 32. Rb7 Qe4+ 33. Qf3 Qe6 34. Qd5 Qf6 35. h5 Rd8 36. Rxf7 Rxd5 37. Rxf6 Rd2 38. Rxg6+ Kh7 39. Rxb6 Rxa2 40. g4 Rb2 41. Kg3 Rc2 42. f4 Rc3+ 43. Kh4 Rc1 44. Kg5 Rf1 45. Rb7+ Kg8 46. f5 1-0


[Site "https://www.chess.com"]

[Event "Titled Tuesday Blitz September 27 Early 2022"]
[White "Hristodoulou, Panagiotis"]
[Black "Principe, Gerson"]
[WhiteFideId "4214340"]
[BlackFideId "3804550"]
[WhiteElo "2172"]
[BlackElo "2280"]
[Result "1/2-1/2"]
[Round "03"]
[TimeControl "180+1"]
[Date "2022.09.27"]
[WhiteClock "0:00:07"]
[BlackClock "0:00:03"]

1. e4 c6 2. d4 d5 3. e5 Bf5 4. Nf3 e6 5. Be2 Nd7 6. O-O Bg6 7. Nbd2 Ne7 8. Re1 Nf5 9. Nb3 Be7 10. Bd2 O-O 11. c4 dxc4 12. Bxc4 Nb6 13. Bf1 Nd5 14. Rc1 Rc8 15. a3 Bh5 16. h3 Nh4 17. Be2 Nxf3+ 18. Bxf3 Bxf3 19. Qxf3 b6 20. Rc2 Qd7 21. Rec1 Rc7 22. Be3 Rfc8 23. Nd2 c5 24. dxc5 Nxe3 25. Qxe3 Bxc5 26. Qe4 g6 27. Nf3 Be7 28. Kh2 Rxc2 29. Rxc2 Rxc2 30. Qxc2 a5 31. Qc4 Bc5 32. Kg3 h6 33. b4 axb4 34. axb4 Be7 35. Nd4 Kg7 36. Nc6 Bd8 37. b5 Be7 38. Qd4 Qc7 39. Kf3 Bc5 40. Qf4 Be7 41. g3 Qd7 42. Qd4 Qc7 43. Ke2 Bc5 44. Qd8 Qxd8 45. Nxd8 Kf8 46. f4 Ke7 47. Nc6+ Kd7 48. Kf3 h5 49. g4 hxg4+ 50. hxg4 Ke8 51. Ke4 Kd7 52. f5 gxf5+ 53. gxf5 exf5+ 54. Kxf5 Ke8 55. Kf6 Ba3 56. Nd4 Bb2 57. Nf5 Ba3 58. Ne3 Be7+ 59. Kf5 Bc5 60. Nd5 Kd7 61. Kf6 Ke8 62. e6 fxe6 63. Kxe6 Kd8 64. Nf4 Kc7 65. Kd5 Kb7 66. Ne6 Bg1 67. Kd6 Bh2+ 68. Kd7 Bg1 69. Nd8+ Ka7 70. Kc6 Bf2 71. Nf7 Bg1 72. Nd6 Kb8 73. Kd7 Bh2 74. Nc4 Bg1 75. Kc6 Ka7 76. Kc7 Bh2+ 77. Kc8 Bg1 78. Ne5 Ka8 79. Nc6 Bf2 80. Kc7 Bg1 81. Ne7 Ka7 82. Nc8+ Ka8 83. Kc6 Kb8 84. Nxb6 Ka7 85. Nd7 Ka8 86. Nc5 Kb8 87. b6 Bxc5 88. Kxc5 Kb7 89. Kb5 Kb8 90. Kc6 Ka8 91. b7+ Kb8 92. Kb6 1/2-1/2


[Site "https://www.chess.com"]

[Event "Titled Tuesday Blitz September 27 Early 2022"]
[White "Huber, Benedikt"]
[Black "Ovezdurdyyeva, Jemal"]
[WhiteFideId "12923583"]
[BlackFideId "14001888"]
[WhiteElo "1979"]
[BlackElo "1946"]
[Result "1-0"]
[Round "03"]
[TimeControl "180+1"]
[Date "2022.09.27"]
[WhiteClock "0:00:28"]
[BlackClock "0:00:15"]

1. d4 Nf6 2. Nc3 e6 3. Bf4 b6 4. e4 Bb7 5. Bd3 Bb4 6. Qe2 O-O 7. Nf3 d5 8. e5 Ne4 9. Bd2 c5 10. Nxe4 dxe4 11. Bxe4 Bxd2+ 12. Nxd2 Nc6 13. dxc5 Nd4 14. Qd3 Bxe4 15. Nxe4 bxc5 16. Nxc5 Qa5+ 17. c3 Rad8 18. Nb7 Qxe5+ 19. Kf1 Nb3 20. Nxd8 Nxa1 21. Nc6 Qg5 22. g3 Qc1+ 23. Kg2 Qxb2 24. Qd1 Nc2 25. Qd2 Qb7 26. Qxc2 Qxc6+ 27. f3 Rc8 28. Rc1 h6 29. c4 Qc5 30. Qd3 Rb8 31. Rc2 Rb4 32. h4 Ra4 33. Qd8+ Kh7 34. Qd7 Rxc4 35. Qd3+ g6 36. Qxc4 1-0


[Site "https://www.chess.com"]

[Event "Titled Tuesday Blitz September 27 Early 2022"]
[White "Ibrahimli, Murad"]
[Black "Begmuratov, Khumoyun"]
[WhiteFideId "13410229"]
[BlackFideId "14210207"]
[WhiteElo "2109"]
[BlackElo "1978"]
[Result "1-0"]
[Round "03"]
[TimeControl "180+1"]
[Date "2022.09.27"]
[WhiteClock "0:00:56"]
[BlackClock "0:00:07"]

1. d4 Nf6 2. c4 e6 3. Nf3 b6 4. g3 Bb4+ 5. Nbd2 Bb7 6. Bg2 c5 7. a3 Bxd2+ 8. Bxd2 cxd4 9. O-O Nc6 10. Nxd4 O-O 11. Nb5 d5 12. cxd5 Nxd5 13. e4 Nc7 14. Nxc7 Qxc7 15. Bc3 Rfd8 16. Qg4 e5 17. Rfd1 Nd4 18. Bxd4 exd4 19. Rac1 Qe7 20. Qf4 Rac8 21. Rxc8 Bxc8 22. e5 Qc5 23. Be4 Be6 24. Qh4 Rc8 25. Qxh7+ Kf8 26. Qh8+ Ke7 27. Qxg7 Qc4 28. Qg5+ Ke8 29. Qd2 Rd8 30. Rc1 Qb3 31. Bc6+ Bd7 32. e6 fxe6 33. Be4 Bb5 34. Bg6+ Ke7 35. Qg5+ Kd7 36. Qe5 Rc8 37. Qxd4+ Qd5 38. Qxd5+ exd5 39. Bf5+ 1-0


[Site "https://www.chess.com"]

[Event "Titled Tuesday Blitz September 27 Early 2022"]
[White "Itkis, Boris"]
[Black "Balint, Vilmos"]
[WhiteFideId "1209167"]
[BlackFideId "718050"]
[WhiteElo "2207"]
[BlackElo "2076"]
[Result "1-0"]
[Round "03"]
[TimeControl "180+1"]
[Date "2022.09.27"]
[WhiteClock "0:00:14"]
[BlackClock "0:00:29"]

1. c4 f5 2. Nf3 Nf6 3. Nc3 g6 4. g3 Bg7 5. Bg2 O-O 6. O-O d6 7. d3 e5 8. Nd2 Nc6 9. a3 h6 10. b4 Be6 11. b5 Na5 12. Qa4 c6 13. Rb1 Bd7 14. Nb3 Nxb3 15. Qxb3 Rb8 16. Be3 Qa5 17. Qb4 Qxb4 18. Rxb4 c5 19. Rbb1 g5 20. a4 Ng4 21. Bd2 f4 22. Nd5 Nf6 23. Ba5 b6 24. Bd2 Bg4 25. Rfe1 Be6 26. Ne7+ Kh7 27. Nc6 Ra8 28. a5 Bd7 29. Ra1 Bxc6 30. Bxc6 Rad8 31. axb6 axb6 32. Ra7 d5 33. cxd5 Nxd5 34. Rea1 Nb4 35. Bxb4 cxb4 36. R1a4 Rd4 37. e3 fxe3 38. fxe3 Rxd3 39. Be4+ Kg8 40. Bxd3 Rd8 41. Bc4+ Kh8 42. Rxb4 Bf8 43. Rb1 Bc5 44. Kg2 Rd2+ 45. Kh3 Rc2 46. Be6 h5 47. Rf1 Re2 48. Rff7 g4+ 49. Kh4 Rxh2+ 50. Kg5 Bxe3+ 51. Kg6 Bc5 52. Rh7# 1-0


[Site "https://www.chess.com"]

[Event "Titled Tuesday Blitz September 27 Early 2022"]
[White "Jakubowski, Krzysztof"]
[Black "Murtazin, Ruslan"]
[WhiteFideId "1112848"]
[BlackFideId "24175960"]
[WhiteElo "2306"]
[BlackElo "2212"]
[Result "0-1"]
[Round "03"]
[TimeControl "180+1"]
[Date "2022.09.27"]
[WhiteClock "0:00:27"]
[BlackClock "0:00:05"]

1. e4 e6 2. d4 d5 3. Nc3 Nf6 4. e5 Nfd7 5. Nce2 c5 6. c3 Nc6 7. f4 Be7 8. Nf3 f6 9. a3 O-O 10. Be3 Qb6 11. b4 cxd4 12. cxd4 a5 13. b5 Qxb5 14. Nc3 Qb6 15. Rb1 Qd8 16. Bd3 f5 17. h3 Nb6 18. g4 Nc4 19. Bc1 Nxa3 20. Bxa3 Bxa3 21. gxf5 exf5 22. Nb5 Be7 23. Rg1 h6 24. Rb2 Kh7 25. Rbg2 Rf7 26. Ng5+ hxg5 27. Qh5+ Kg8 28. fxg5 g6 29. Qxg6+ Rg7 30. Qh5 Be6 31. g6 Qd7 32. Rf2 Rf8 33. Rgf1 Nb4 34. Be2 a4 35. Qh6 Nc6 36. Bd3 a3 37. Bb1 Nb4 38. Nc3 Qc6 39. Qd2 Qc4 40. h4 a2 41. Bxa2 Nxa2 42. Nxa2 Ra8 43. h5 Bh4 44. Kd1 Bxf2 45. Rxf2 Qb3+ 46. Ke1 Rc7 47. h6 Rxa2 48. h7+ Kg7 49. Qh6+ Kxh6 50. h8=Q+ Kg5 51. Rg2+ Rxg2 52. Qf6+ Kf4 53. Qh4+ Rg4 54. Qh6+ Kg3 0-1


[Site "https://www.chess.com"]